 Dungeon Crawl Stone Soup version 0.14.0-24-gfb45beb (webtiles) character file.

6064 Qrupt the Thaumaturge (level 10, -1/52 HPs)
             Began as a Deep Elf Ice Elementalist on Apr 24, 2014.
             Was a Priest of Dithmenos.
             Slain by an ogre
             ... wielding a +0,+0 giant club
              (31 damage)
             ... on Level 10 of the Dungeon.
             The game lasted 00:45:32 (12096 turns).

Qrupt the Thaumaturge (Deep Elf Ice Elementalist)  Turns: 12096, Time: 00:45:32

HP  -1/52        AC  5     Str  8      XL: 10   Next: 45%
MP   4/33        EV 13     Int 21      God: Dithmenos [***...]
Gold 455         SH  0     Dex 15      Spells:  4 memorised, 25 levels left

rFire  + . .     SeeInvis .     F - +0,+2 great sword
rCold  . . .     Clarity  .     E - +0 robe
rNeg   + . .     Conserve .     (no shield)
rPois  +         rCorr    .     R - +0 helmet
rElec  .         rRot     .     (no cloak)
SustAb . .       Spirit   .     i - +0 pair of gloves
rMut   .         Warding  +     I - +0 pair of boots {Stlth+}
Saprov . . .     Stasis   .     O - amulet of warding
MR     +....                    C - ring of poison resistance
                                Q - ring of protection from fire

@: very slightly contaminated, wreathed by umbra, drained, somewhat resistant to
hostile enchantments, very stealthy
A: no striking features
a: Shadow Step, Renounce Religion


You were on level 10 of the Dungeon.
You worshipped Dithmenos.
Dithmenos was most pleased with you.
You were not hungry.

You visited 2 branches of the dungeon, and saw 11 of its levels.
You also visited: Ossuary.

You collected 608 gold pieces.
You spent 153 gold pieces at shops.

Inventory:

Hand weapons
 F - a +0,+2 great sword (weapon)
Armour
 i - a +0 pair of gloves (worn)
 E - a +0 robe (worn)
 I - a +0 pair of boots of stealth (worn)
 R - a +0 helmet (worn)
Magical devices
 m - a wand of slowing (13)
 o - a wand of cold (8) {unknown}
 G - a wand of slowing (11)
 N - a wand of frost (0)
Comestibles
 c - 6 bread rations
 p - 2 meat rations
 P - a choko
 S - 2 chunks of giant frog flesh
Scrolls
 d - 6 scrolls of teleportation
 f - 3 scrolls of amnesia {unknown}
 g - 2 scrolls of recharging {unknown}
 h - 3 scrolls of fog {unknown}
 k - 2 scrolls of identify
 q - 4 scrolls of random uselessness {unknown}
 r - 3 scrolls of enchant armour {unknown}
 u - 2 scrolls of magic mapping {unknown}
 B - 2 scrolls of fear {unknown}
 J - 6 scrolls of remove curse
 L - 2 scrolls of enchant weapon II {unknown}
Jewellery
 n - an uncursed ring of teleportation
 y - an uncursed ring of positive energy
 C - a ring of poison resistance (right hand)
 H - a cursed ring of ice
 K - an uncursed amulet of rage
 O - an amulet of warding (around neck)
 Q - a ring of protection from fire (left hand)
Potions
 a - a potion of haste
 j - a potion of restore abilities
 l - a potion of agility
 s - a potion of flight
 t - 2 potions of brilliance
 v - 5 potions of curing
 w - 2 potions of heal wounds
 x - 2 potions of magic {unknown}
 z - a potion of berserk rage {unknown}
 A - a potion of beneficial mutation {unknown}
 M - a potion of cure mutation {unknown}
Books
 b - a book of Frost

   Spells                             Type                      Level
   *Freeze                            Ice                          1
   *Throw Frost                       Conjuration/Ice              2
   *Ozocubu's Armour                  Charms/Ice                   3
   *Throw Icicle                      Conjuration/Ice              4
   Summon Ice Beast                   Ice/Summoning                4
   Condensation Shield                Ice                          4
 e - a book of Geomancy

   Spells                             Type                      Level
   Sandblast                          Earth                        1
   Stoneskin                          Transmutation/Earth          2
   Passwall                           Transmutation/Earth          3
   Stone Arrow                        Conjuration/Earth            3
   Petrify                            Transmutation/Earth          4
   Lee's Rapid Deconstruction         Earth                        5
 D - a book of Debilitation

   Spells                             Type                      Level
   Corona                             Hexes                        1
   Slow                               Hexes                        2
   Inner Flame                        Hexes/Fire                   3
   Enslavement                        Hexes                        4
   Cause Fear                         Hexes                        4
   Leda's Liquefaction                Hexes/Earth                  4


   Skills:
 + Level 1.2(1.1) Fighting
 + Level 1.5(1.4) Long Blades
 - Level 2.4(2.3) Dodging
 - Level 2.4(2.3) Stealth
 - Level 13.2(13.1) Spellcasting
 - Level 1.1(1.0) Conjurations
 - Level 7.4(7.3) Charms
 - Level 11.5(11.4) Ice Magic


You had 25 spell levels left.
You knew the following spells:

 Your Spells              Type           Power        Failure   Level  Hunger
a - Freeze                Ice            ####         1%          1    None
b - Throw Frost           Conj/Ice       #####.       1%          2    None
c - Ozocubu's Armour      Chrm/Ice       ######....   1%          3    None
d - Throw Icicle          Conj/Ice       #####...     3%          4    None


Dungeon Overview and Level Annotations

Branches:
Dungeon (10/15)            Temple (1/1) D:4             Orc (0/4) D:10
   Lair: D:8-11

Altars:
Ashenzari
Cheibriados
Dithmenos
Elyvilon
Fedhas
Kikubaaqudgha
Makhleb
Nemelex Xobeh
Okawaru
Sif Muna
Trog
Vehumet
Xom
Yredelemnul
Zin
The Shining One

Shops:
D:5 *   D:8 %   D:9 (


Message History

Aim: a kobold, wielding a blowgun (umbra)
You miscast Throw Icicle.
Wisps of condensation drift from your hands.
The kobold shoots a poisoned needle.
The poisoned needle hits you!
The kobold unwields an uncursed blowgun.
The kobold wields an uncursed short sword.
The kobold closely misses you.
Items here: % ))) [[[ You miss the kobold.
The kobold hits you but does no damage.
You closely miss the kobold.
The kobold hits you with an uncursed short sword.
An ogre comes into view. It is wielding a giant club.
You slash the kobold!
You kill the kobold!
Dithmenos accepts your kill.
You hit the ogre.
The ogre is lightly wounded.
The ogre hits you with a giant club!
Ouch! That really hurt!
You die...

. . ##. ... ... ... ... #.#
#. .># #.# #. # #.# #.# #. #.
#.# #.# #. ###..#### #.# #.#
#.
#........######.#######.####.
#....../...)@O........)......
#.....>..######)#######.####.
......ff....................
...f.?z.######.######....##.
........# #.# #....##.
###.z### #.# #....... #.. #.#
#.<..##. #.. #.# #.(..##) #.#
#######.


You could see an ogre.

Vanquished Creatures
  A fire dragon (D:9)
  Pikel (D:7)
  A cyclops (D:7)
  Psyche (D:8)
  A steam dragon (D:9)
  Menkaure (D:7)
  An ice beast (D:8)
  4 slaves
  3 orc warriors
  A phantom (D:5)
  3 sky beasts
  3 ogres
  A centaur (D:5)
  A giant goldfish (D:9)
  A big kobold (D:8)
  Blork the orc (D:4)
  4 giant frogs
  A gnoll sergeant (D:9)
  A scorpion (D:8)
  A yak zombie (D:8)
  6 wights
  2 goliath beetles
  2 electric eels (D:9)
  A centaur zombie (D:7)
  3 centaur skeletons
  6 hounds
  5 jellies
  3 orc priests
  5 crimson imps
  An iguana (D:9)
  9 orc wizards
  4 worker ants
  6 gnolls (D:9)
  8 adders
  A gnoll zombie (D:5)
  A scorpion zombie (D:6)
  A worm zombie (D:8)
  2 giant mites
  3 orc skeletons
  An inept feature mimic (D:2)
  2 shadow imps
  2 worms
  An adder skeleton (D:5)
  2 giant eyeballs
  5 giant geckos
  4 oozes
  34 orcs
  17 bats
  2 bat zombies (D:8)
  6 giant cockroaches
  14 goblins
  17 hobgoblins
  6 jackals
  25 kobolds
  6 quokkas
  6 giant newts
  3 giant spores
  A goblin skeleton (D:4)
  16 rats
  A rat zombie (D:6)
  3 ballistomycetes
275 creatures vanquished.

Vanquished Creatures (others)
  2 orcs (D:9)
  A quokka (D:9)
3 creatures vanquished.

Grand Total: 278 creatures vanquished

Notes
Turn   | Place    | Note
--------------------------------------------------------------
     0 | D:1      | Qrupt, the Deep Elf Ice Elementalist, began the quest for the Orb.
     0 | D:1      | Reached XP level 1. HP: 10/10 MP: 5/5
   476 | D:1      | Reached XP level 2. HP: 12/15 MP: 4/8
   868 | D:1      | Reached skill level 4 in Spellcasting
  1281 | D:1      | Reached XP level 3. HP: 19/19 MP: 8/12
  1372 | D:2      | Learned a level 2 spell: Throw Frost
  1376 | D:2      | Learned a level 3 spell: Ozocubu's Armour
  1884 | D:2      | Reached XP level 4. HP: 24/24 MP: 11/16
  1930 | D:2      | Found a shadowy altar of Dithmenos.
  1942 | D:2      | Reached skill level 5 in Spellcasting
  2981 | D:3      | Found a bloodstained altar of Trog.
  3170 | D:4      | Reached XP level 5. HP: 26/28 MP: 16/19
  3178 | D:4      | Found a burning altar of Makhleb.
  3184 | D:4      | Reached skill level 5 in Ice Magic
  3282 | D:4      | Noticed an orc warrior
  3283 | D:4      | Reached skill level 6 in Spellcasting
  3290 | D:4      | Killed an orc warrior
  3290 | D:4      | Reached XP level 6. HP: 13/32 MP: 10/22
  3621 | D:4      | Noticed Blork the orc
  3629 | D:4      | Killed Blork the orc
  3629 | D:4      | Reached skill level 7 in Spellcasting
  3659 | D:4      | Found a blossoming altar of Fedhas.
  3900 | D:4      | Found a staircase to the Ecumenical Temple.
  3908 | Temple   | Entered the Ecumenical Temple
  4091 | D:2      | Became a worshipper of Dithmenos the Shadowed
  4262 | D:5      | Entered Level 5 of the Dungeon
  4309 | D:5      | Learned a level 4 spell: Throw Icicle
  4347 | D:4      | Reached XP level 7. HP: 24/36 MP: 16/25
  5146 | D:5      | Reached skill level 8 in Spellcasting
  5621 | D:5      | Found Kleanasm's Assorted Antiques.
  5634 | D:5      | Bought a pair of glowing boots for 153 gold pieces
  5638 | D:5      | Paralysed by a giant eyeball for 3 turns
  5750 | D:5      | Found an iron altar of Okawaru.
  6466 | D:6      | Reached skill level 9 in Spellcasting
  6474 | D:6      | Found a sand-covered staircase.
  6484 | Ossuary  | Entered an ossuary
  6714 | D:6      | Reached XP level 8. HP: 41/41 MP: 28/28
  7016 | D:7      | Noticed Pikel
  7369 | D:7      | Killed Pikel
  7369 | D:7      | Reached skill level 10 in Spellcasting
  7765 | D:7      | Noticed a cyclops
  7841 | D:7      | Reached skill level 11 in Spellcasting
  7877 | D:7      | Reached XP level 9. HP: 40/45 MP: 25/31
  7920 | D:7      | Found a sparkling altar of Nemelex Xobeh.
  7922 | D:7      | Found an ancient bone altar of Kikubaaqudgha.
  7922 | D:7      | Found a shattered altar of Ashenzari.
  8321 | D:7      | Found a shadowy altar of Dithmenos.
  8357 | D:7      | Noticed Menkaure
  8379 | D:7      | Killed Menkaure
  8379 | D:7      | Reached skill level 10 in Ice Magic
  8490 | D:7      | Killed a cyclops
  8692 | D:7      | Reached skill level 12 in Spellcasting
  9110 | D:8      | Found Mixur's Food Emporium.
  9249 | D:8      | Acquired Dithmenos' first power
  9749 | D:8      | Noticed Psyche
  9751 | D:8      | Killed Psyche
 10130 | D:8      | Reached skill level 13 in Spellcasting
 10452 | D:9      | Acquired Dithmenos' second power
 10452 | D:9      | Reached XP level 10. HP: 50/50 MP: 19/33
 10464 | D:9      | Paralysed by a giant eyeball for 3 turns
 10655 | D:9      | Reached skill level 1 in Charms
 10656 | D:9      | Noticed a fire dragon
 10668 | D:9      | Killed a fire dragon
 10668 | D:9      | Reached skill level 5 in Charms
 11163 | D:9      | Found a glowing silver altar of Zin.
 11163 | D:9      | Found a basalt altar of Yredelemnul.
 11513 | D:9      | Found Tiucyffa's Weapon Boutique.
 11868 | D:10     | Entered Level 10 of the Dungeon
 11930 | D:10     | Reached skill level 1 in Fighting
 11930 | D:10     | Reached skill level 1 in Long Blades
 12059 | D:10     | Found a staircase to the Orcish Mines.
 12096 | D:10     | Slain by an ogre

Action                   |  1- 3 |  4- 6 |  7- 9 | 10-12 || total
-------------------------+-------+-------+-------+-------++-------
Melee: Unarmed           |     5 |     6 |       |       ||    11
       Trident           |       |    12 |       |       ||    12
       Great sword       |       |     1 |    58 |    20 ||    79
 Cast: Freeze            |    77 |   115 |   235 |    69 ||   496
       Throw Frost       |     1 |     8 |    20 |     5 ||    34
       Ozocubu's Armour  |       |     1 |     5 |       ||     6
       Throw Icicle      |       |       |    81 |    28 ||   109
Evoke: Wand              |       |       |     1 |       ||     1
  Use: Potion            |       |     2 |       |     1 ||     3
       Scroll            |       |       |    11 |     1 ||    12
 Stab: Sleeping          |       |     4 |     2 |     1 ||     7
       Distracted        |       |     1 |       |       ||     1
